 Dungeon Crawl Stone Soup version 0.29.0-4-gdea44cf6ec (webtiles) character file.

Game seed: 9318247372641919946

25395 qw the Cleaver (level 13, -12/123 HPs)
             Began as a Gargoyle Berserker on Sept 6, 2022.
             Was a Priest of Trog.
             Mangled by a starflower (14 damage)
             ... on level 2 of the Abyss.
             The game lasted 00:05:56 (18526 turns).

qw the Cleaver (Gargoyle Berserker)                Turns: 18526, Time: 00:05:57

Health: -12/123    AC: 34    Str: 24    XL:     13   Next: 19%
Magic:  0/13       EV:  6    Int: 10    God:    Trog [***...]
Gold:   742        SH: 11    Dex:  9    Spells: 12/12 levels left

rFire   . . .      SeeInvis +   d - +0 war axe
rCold   + . .      Faith    .   x - +0 kite shield
rNeg    + . .      Spirit   +   i - +0 plate armour
rPois   inf        Reflect  .   n - +1 helmet
rElec   +          Harm     .   y - +2 cloak
rCorr   .          Rampage  .   h - +2 pair of gloves
Will    .....                   b - +0 pair of boots
Stlth   ..........              g - amulet of guardian spirit
HPRegen 0.30/turn               s - ring of see invisible
MPRegen 0.13/turn               j - ring of protection from cold

@: berserking, very quick
A: sickness immunity, AC +9, negative energy resistance 1, electricity
resistance, torment resistance 1, petrification resistance
a: Renounce Religion, Berserk, Trog's Hand


You were on level 2 of the Abyss.
You worshipped Trog.
Trog was most pleased with you.
You visited 2 branches of the dungeon, and saw 15 of its levels.
You visited the Abyss 1 time.

You collected 742 gold pieces.


Innate Abilities, Weirdness & Mutations

You are immune to sickness and miasma.
Your stone body is resilient. (AC +9)
You are immune to poison.
You resist negative energy. (rN+)
You are resistant to electric shocks. (rElec)
You are resistant to unholy torment.
You are immune to petrification.


   Skills:
 - Level 10.1 Fighting
 + Level 13.4 Axes
 - Level 4.2 Throwing
 - Level 10.0 Armour
 - Level 2.2 Dodging
 - Level 11.0 Shields


You had 12 spell levels left.
You didn't know any spells.
Your spell library was empty.

Inventory:

Hand Weapons
 d - a +0 war axe (weapon)
 f - a +1 flail of protection
 z - the +1 hand axe "Urghootul" {vamp, rC- Int+4 Dex+2}
   (You found it on level 11 of the Dungeon)

   It occasionally heals its wielder for a portion of the damage dealt when it
   wounds a living foe.
   Int:       It affects your intelligence (+4).
   Dex:       It affects your dexterity (+2).
   rC:        It makes you vulnerable to cold.
Missiles
 c - 11 boomerangs
 q - 2 silver boomerangs (quivered)
Armour
 b - a +0 pair of boots (worn)
 h - a +2 pair of gloves (worn)
 i - a +0 plate armour (worn)
 n - a +1 helmet (worn)
 x - a +0 kite shield (worn)
 y - a +2 cloak (worn)
Jewellery
 g - an amulet of guardian spirit (around neck)
 j - a ring of protection from cold (right hand)
 o - a ring of ice
 s - a ring of see invisible (left hand)
 v - a ring of protection from fire
 w - a ring of positive energy
 Y - a ring of willpower
Scrolls
 m - 8 scrolls of identify
Potions
 e - 3 potions of haste
 k - 2 potions of heal wounds
 l - 2 potions of might
 p - a potion of mutation
 r - a potion of resistance

Dungeon Overview and Level Annotations

Branches:
Dungeon (11/15)            Temple (0/1) D:5            Lair (4/5) D:11
    Orc (0/2) D:11
  Swamp: Lair:2-3    Shoals: Lair:2-3     Snake: Lair:2-3    Spider: Lair:2-3
  Slime: Lair:4-5

Altars:
Gozag
Makhleb
Qazlal
Ru
Uskayaw

Shops:
D:1 [

Annotations:
D:4 3 runed translucent doors, qw's ghost, amateur MiFi
D:9 2 transporters, qw's ghost, novice MiFi
Lair:2 Sonja


Message History

The harpoon shot hits you.
You are yanked forward by the harpoon shot.
18519 ||| INVOKING Berserk.
A red film seems to cover your vision as you go berserk!
You feel yourself moving faster!
You feel mighty!
The starflower tentacle-slaps you from afar.
You blink. 2 starflowers come into view.
The starflower tentacle-slaps you but does no damage.
You block the starflower's attack. x3
You feel a strong urge to attack something.
You block the starflower's attack. The starflower tentacle-slaps you!
The starflower tentacle-slaps you but does no damage. x3
You hit the starflower.
The starflower is lightly damaged.
The starflower fires a harpoon shot at you.
You block the harpoon shot.
The starflower tentacle-slaps you but does no damage.
The starflower tentacle-slaps you! You block the starflower's attack. x2
The starflower tentacle-slaps you but does no damage.
You slice the starflower!!
The starflower is moderately damaged.
You slice the starflower!!
The starflower is heavily damaged.
You block the starflower's attack.
The starflower tentacle-slaps you but does no damage.
You block the starflower's attack.
The starflower tentacle-slaps you from afar! x2
You hit the starflower but do no damage.
The starflower is heavily damaged.
The starflower tentacle-slaps you but does no damage.
The starflower barely misses you. The starflower tentacle-slaps you!
You blink.
The starflower tentacle-slaps you but does no damage.
The starflower tentacle-slaps you from afar.
You hit the starflower.
The starflower is lightly damaged.
The starflower tentacle-slaps you. Space warps horribly around you!
The starflower tentacle-slaps you. The starflower barely misses you.
The starflower tentacle-slaps you from afar!
You die...

#
#########.#
..........
##...##
#....P#
#.P...#
#..@..#
#.....#
#7.\.7#
#.....
#.....#
#.....#
#P...P#
#.....#
#######


You could see 4 starflowers.

Vanquished Creatures
  Snorg (D:11)
  Erica (D:8)
  A two-headed ogre (D:9)
  4 death yaks (Lair:3)
  6 elephants (Lair:3)
  A large abomination (Abyss:2)
  7 black mambas
  Joseph (D:9)
  3 cane toads
  3 rime drakes
  A komodo dragon (D:11)
  2 trolls (D:11)
  2 hornets (D:10)
  9 blink frogs
  8 dream sheep
  2 shadows
  A wraith (D:11)
  2 vampires
  14 yaks
  A steam dragon (D:9)
  A wyvern (Lair:3)
  2 basilisks (Lair:1)
  4 vampire mosquitoes (D:11)
  9 water moccasins
  6 orc warriors
  A sky beast (D:7)
  3 black bears
  2 ice beasts
  An ogre (D:7)
  2 wolves
  2 centaurs
  2 phantoms
  3 kobold brigands
  9 scorpions
  6 bullfrogs
  A gnoll sergeant (D:8)
  4 wights (D:9)
  3 killer bees (D:10)
  2 howler monkeys
  3 jellies
  5 hounds
  9 orc priests
  2 gnoll boudas (D:7)
  6 iguanas
  9 orc wizards
  6 hell rats (Lair:1)
  18 gnolls
  7 adders
  2 shadow imps
  2 white imps (D:6)
  An ufetubus (D:5)
  3 dart slugs
  3 worms
  42 orcs
  7 ball pythons
  9 bats
  11 endoplasms
  3 giant cockroaches
  5 goblins
  7 hobgoblins
  5 jackals
  20 kobolds
  4 quokkas
  3 rats
325 creatures vanquished.

Vanquished Creatures (collateral kills)
  2 hydras
2 creatures vanquished.

Vanquished Creatures (others)
  3 demonic plants (D:1)
  32 fungi
  14 plants
  8 toadstools (D:4)
57 creatures vanquished.

Grand Total: 384 creatures vanquished

Notes
Turn   | Place    | Note
-------+----------+-------------------------------------------
     0 | D:1      | qw the Gargoyle Berserker began the quest for the Orb.
     0 | D:1      | Reached XP level 1. HP: 14/14 MP: 1/1
     0 | D:1      | 0 ||| qw: Version: 0.1-a-108-g9e35731
     0 | D:1      | 0 ||| qw: Game counter: 6283
     0 | D:1      | 0 ||| qw: Always use a shield: true
     0 | D:1      | 0 ||| qw: Do Orc after D:15 true
     0 | D:1      | 0 ||| qw: Do second Lair branch before Depths: true
     0 | D:1      | 0 ||| qw: Lair rune preference: random
     0 | D:1      | 0 ||| qw: Plans: Normal
     0 | D:1      | 0 ||| PLANNING D:1-11
   192 | D:1      | Found a faded altar of an unknown god.
   401 | D:1      | Reached skill level 3 in Axes
   556 | D:1      | Reached XP level 2. HP: 19/19 MP: 2/2
   884 | D:1      | 884 ||| INVOKING Berserk.
  1100 | D:1      | Found Centuusm's Armour Emporium.
  1108 | D:1      | 1108 ||| SHOPLISTING +0 chain mail (63 gold, have 37).
  1108 | D:1      | 1108 ||| SHOPLISTING +0 pair of boots (63 gold, have 37).
  1108 | D:1      | 1108 ||| SHOPLISTING +1 helmet (161 gold, have 37).
  1108 | D:1      | 1108 ||| SHOPLISTING +10 plate armour of ponderousness (700
                  | gold, have 37).
  1108 | D:1      | 1108 ||| SHOPLISTING +2 plate armour of willpower (560
                  | gold, have 37).
  1273 | D:1      | 1273 ||| UPGRADING to +0 ring mail.
  1283 | D:1      | 1283 ||| DROPPING +0 animal skin.
  1284 | D:1      | 1284 ||| UPGRADING to amulet of guardian spirit.
  1289 | D:1      | 1289 ||| READING 2 scrolls labelled FEFONLOGEH.
  1290 | D:1      | 1290 ||| READING scroll labelled ZUM MEIMIH.
  1291 | D:1      | 1291 ||| READING 2 scrolls labelled UGREUPS BINEFOU.
  1292 | D:1      | 1292 ||| DRINKING 3 red potions.
  1293 | D:1      | 1293 ||| DROPPING scroll of amnesia.
  1294 | D:1      | 1294 ||| DROPPING scroll of noise.
  1295 | D:1      | 1295 ||| DROPPING 2 potions of flight.
  1440 | D:2      | 1440 ||| FLEEEEING.
  1496 | D:2      | 1496 ||| INVOKING Berserk.
  1501 | D:2      | Reached XP level 3. HP: 23/23 MP: 3/3
  1860 | D:2      | 1860 ||| INVOKING Berserk.
  2251 | D:2      | Reached skill level 4 in Axes
  2472 | D:2      | 2472 ||| UPGRADING to +0 pair of boots.
  2477 | D:2      | 2477 ||| READING 3 scrolls labelled ZUIVAQABOS.
  2478 | D:2      | 2478 ||| READING 2 scrolls of enchant weapon.
  2478 | D:2      | 2478 ||| ENCHANTING +1 hand axe.
  2479 | D:2      | 2479 ||| READING scroll of enchant weapon.
  2479 | D:2      | 2479 ||| ENCHANTING +2 hand axe.
  2480 | D:2      | 2480 ||| READING scroll labelled OSAIHI JIMINGU.
  2481 | D:2      | 2481 ||| READING scroll labelled POSHUKHIRPHI.
  2482 | D:2      | 2482 ||| DRINKING 3 golden potions.
  2483 | D:2      | 2483 ||| DRINKING 3 murky pink potions.
  2484 | D:2      | 2484 ||| DROPPING 2 potions of degeneration.
  2495 | D:3      | 2495 ||| PLANNING SEWER
  2511 | D:3      | Reached XP level 4. HP: 24/28 MP: 4/4
  2511 | D:3      | 2511 ||| STAIRDANCE
  2574 | D:3      | 2574 ||| Stepping ~*~*~tactically~*~*~ (stealth).
  2587 | D:3      | 2587 ||| Stepping ~*~*~tactically~*~*~ (stealth).
  2604 | D:3      | 2604 ||| Stepping ~*~*~tactically~*~*~ (stealth).
  2613 | D:3      | Reached ** piety under Trog
  2672 | D:3      | 2672 ||| INVOKING Berserk.
  2789 | D:3      | 2789 ||| INVOKING Berserk.
  2793 | D:3      | Reached skill level 5 in Axes
  2796 | D:3      | Reached XP level 5. HP: 32/32 MP: 5/5
  2904 | D:3      | 2904 ||| DROPPING +0 club.
  3153 | D:3      | 3153 ||| RIP SEWER
  3155 | D:3      | 3155 ||| PLANNING D:1-11
  3273 | D:3      | Noticed a water moccasin
  3282 | D:3      | Killed a water moccasin
  3283 | D:3      | Reached XP level 6. HP: 38/38 MP: 6/6
  3591 | D:3      | 3591 ||| UPGRADING to +0 scale mail.
  3601 | D:3      | 3601 ||| DROPPING +0 ring mail.
  3602 | D:3      | 3602 ||| UPGRADING to +1 pair of gloves.
  3607 | D:3      | 3607 ||| UPGRADING to +0 plate armour.
  3617 | D:3      | 3617 ||| DROPPING +0 scale mail.
  3618 | D:3      | 3618 ||| UPGRADING to +0 helmet.
  3623 | D:3      | 3623 ||| READING scroll labelled GEADOSHUCEZ.
  3624 | D:3      | 3624 ||| READING scroll labelled XETTEE HUCS.
  3664 | D:4      | 3664 ||| DROPPING +0 whip.
  3694 | D:4      | 3694 ||| READING 2 scrolls of enchant weapon.
  3694 | D:4      | 3694 ||| ENCHANTING +3 hand axe.
  3695 | D:4      | 3695 ||| Stepping ~*~*~tactically~*~*~ (stealth).
  3701 | D:4      | 3701 ||| READING scroll of enchant weapon.
  3701 | D:4      | 3701 ||| ENCHANTING +4 hand axe.
  3706 | D:4      | 3706 ||| Stepping ~*~*~tactically~*~*~ (hiding).
  3711 | D:4      | 3711 ||| INVOKING Berserk.
  3842 | D:4      | Found a runed translucent gate.
  3842 | D:4      | Found a runed translucent gate.
  3842 | D:4      | Found a runed translucent gate.
  3910 | D:4      | Reached skill level 3 in Armour
  3923 | D:4      | Reached skill level 6 in Axes
  4013 | D:4      | Found a stormy altar of Qazlal.
  4098 | D:4      | 4098 ||| INVOKING Berserk.
  4106 | D:4      | Reached XP level 7. HP: 43/43 MP: 7/7
  4236 | D:4      | 4236 ||| DROPPING +0 whip of draining.
  4330 | D:4      | Reached skill level 1 in Throwing
  4434 | D:4      | 4434 ||| Stepping ~*~*~tactically~*~*~ (stealth).
  4439 | D:4      | 4439 ||| INVOKING Berserk.
  4565 | D:4      | 4565 ||| Stepping ~*~*~tactically~*~*~ (stealth).
  4568 | D:4      | 4568 ||| Stepping ~*~*~tactically~*~*~ (stealth).
  4569 | D:4      | 4569 ||| INVOKING Berserk.
  4803 | D:4      | Noticed qw's ghost (amateur MiFi)
  5026 | D:4      | 5026 ||| READING scroll labelled BOPPUY XYSYEGU.
  5027 | D:4      | 5027 ||| READING 2 scrolls of identify.
  5027 | D:4      | 5027 ||| IDENTIFYING yellow potion
  5028 | D:4      | 5028 ||| DROPPING potion of lignification.
  5053 | D:5      | Entered Level 5 of the Dungeon
  5323 | D:5      | 5323 ||| Stepping ~*~*~tactically~*~*~ (hiding).
  5326 | D:5      | 5326 ||| Stepping ~*~*~tactically~*~*~ (hiding).
  5524 | D:5      | Reached *** piety under Trog
  5549 | D:5      | Reached skill level 7 in Axes
  5668 | D:5      | 5668 ||| SWAPPING to +0 war axe.
  5669 | D:5      | 5669 ||| DROPPING +5 hand axe.
  5713 | D:5      | Reached XP level 8. HP: 48/48 MP: 8/8
  5876 | D:5      | 5876 ||| Stepping ~*~*~tactically~*~*~ (hiding).
  6036 | D:5      | Found a staircase to the Ecumenical Temple.
  6062 | D:5      | 6062 ||| UPGRADING to ring of willpower.
  6063 | D:5      | 6063 ||| UPGRADING to ring of protection from cold.
  6064 | D:5      | 6064 ||| READING scroll labelled GOARYKHLIKH.
  6065 | D:5      | 6065 ||| READING scroll labelled RAPTUA TAULO.
  6066 | D:5      | 6066 ||| READING 2 scrolls of identify.
  6066 | D:5      | 6066 ||| IDENTIFYING pink potion
  6198 | D:6      | 6198 ||| INVOKING Berserk.
  6255 | D:6      | 6255 ||| Stepping ~*~*~tactically~*~*~ (stealth).
  6256 | D:6      | 6256 ||| Stepping ~*~*~tactically~*~*~ (stealth).
  6257 | D:6      | 6257 ||| Stepping ~*~*~tactically~*~*~ (stealth).
  6338 | D:6      | 6338 ||| Stepping ~*~*~tactically~*~*~ (stealth).
  6400 | D:6      | 6400 ||| Stepping ~*~*~tactically~*~*~ (hiding).
  6499 | D:6      | Reached skill level 8 in Axes
  6502 | D:6      | 6502 ||| FLEEEEING.
  6503 | D:6      | 6503 ||| FLEEEEING.
  6727 | D:6      | 6727 ||| INVOKING Berserk.
  6732 | D:6      | Reached skill level 6 in Fighting
  7048 | D:6      | 7048 ||| READING 2 scrolls of identify.
  7048 | D:6      | 7048 ||| IDENTIFYING clear potion
  7074 | D:7      | Reached XP level 9. HP: 53/56 MP: 9/9
  7109 | D:7      | 7109 ||| INVOKING Berserk.
  7393 | D:7      | 7393 ||| INVOKING Berserk.
  7396 | D:7      | Reached skill level 9 in Axes
  7621 | D:7      | Reached skill level 6 in Armour
  7663 | D:7      | 7663 ||| Stepping ~*~*~tactically~*~*~ (stealth).
  7665 | D:7      | 7665 ||| Stepping ~*~*~tactically~*~*~ (hiding).
  7666 | D:7      | 7666 ||| Stepping ~*~*~tactically~*~*~ (hiding).
  7672 | D:7      | 7672 ||| INVOKING Berserk.
  8355 | D:7      | 8355 ||| READING scroll labelled CIPNOFUIRU.
  8356 | D:7      | 8356 ||| READING 4 scrolls of identify.
  8356 | D:7      | 8356 ||| IDENTIFYING coppery potion
  8357 | D:7      | 8357 ||| READING 3 scrolls of identify.
  8357 | D:7      | 8357 ||| IDENTIFYING emerald potion
  8358 | D:7      | 8358 ||| READING 2 scrolls of identify.
  8358 | D:7      | 8358 ||| IDENTIFYING bubbling dark potion
  8359 | D:7      | 8359 ||| DROPPING potion of magic.
  8360 | D:7      | 8360 ||| DROPPING potion of attraction.
  8383 | D:8      | 8383 ||| STAIRDANCE
  8454 | D:8      | 8454 ||| Stepping ~*~*~tactically~*~*~ (hiding).
  8455 | D:8      | 8455 ||| Stepping ~*~*~tactically~*~*~ (hiding).
  8456 | D:8      | 8456 ||| Stepping ~*~*~tactically~*~*~ (hiding).
  8460 | D:8      | Reached **** piety under Trog
  8592 | D:8      | 8592 ||| Stepping ~*~*~tactically~*~*~ (stealth).
  8594 | D:8      | Noticed Erica
  8594 | D:8      | 8594 ||| Stepping ~*~*~tactically~*~*~ (stealth).
  8596 | D:8      | 8596 ||| Stepping ~*~*~tactically~*~*~ (hiding).
  8597 | D:8      | 8597 ||| Stepping ~*~*~tactically~*~*~ (hiding).
  8602 | D:8      | 8602 ||| Stepping ~*~*~tactically~*~*~ (hiding).
  8604 | D:8      | 8604 ||| Stepping ~*~*~tactically~*~*~ (hiding).
  8607 | D:8      | 8607 ||| INVOKING Berserk.
  8615 | D:8      | Killed Erica
  8616 | D:8      | Reached skill level 10 in Axes
  8935 | D:8      | 8935 ||| INVOKING Berserk.
  9111 | D:8      | 9111 ||| FLEEEEING.
  9112 | D:8      | 9112 ||| FLEEEEING.
  9113 | D:8      | 9113 ||| FLEEEEING.
  9114 | D:8      | 9114 ||| FLEEEEING.
  9115 | D:8      | 9115 ||| FLEEEEING.
  9116 | D:8      | 9116 ||| FLEEEEING.
  9121 | D:8      | 9121 ||| FLEEEEING.
  9122 | D:8      | 9122 ||| FLEEEEING.
  9123 | D:8      | 9123 ||| FLEEEEING.
  9124 | D:8      | 9124 ||| FLEEEEING.
  9125 | D:8      | 9125 ||| FLEEEEING.
  9126 | D:8      | 9126 ||| FLEEEEING.
  9127 | D:8      | 9127 ||| FLEEEEING.
  9128 | D:8      | 9128 ||| FLEEEEING.
  9129 | D:8      | 9129 ||| FLEEEEING.
  9130 | D:8      | 9130 ||| FLEEEEING.
  9131 | D:8      | 9131 ||| FLEEEEING.
  9132 | D:8      | 9132 ||| FLEEEEING.
  9133 | D:8      | 9133 ||| FLEEEEING.
  9134 | D:8      | 9134 ||| FLEEEEING.
  9135 | D:8      | 9135 ||| FLEEEEING.
  9136 | D:8      | 9136 ||| FLEEEEING.
  9137 | D:8      | 9137 ||| FLEEEEING.
  9138 | D:8      | 9138 ||| FLEEEEING.
  9139 | D:8      | 9139 ||| STAIRDANCE
  9237 | D:7      | 9237 ||| UPGRADING to +0 cloak.
  9242 | D:7      | 9242 ||| UPGRADING to ring of see invisible.
  9244 | D:7      | 9244 ||| DRINKING 2 brown potions.
  9247 | D:8      | 9247 ||| STAIRDANCE
  9255 | D:8      | 9255 ||| STAIRDANCE
  9260 | D:8      | 9260 ||| STAIRDANCE
  9268 | D:8      | 9268 ||| STAIRDANCE
  9320 | D:8      | 9320 ||| INVOKING Berserk.
  9592 | D:8      | 9592 ||| Stepping ~*~*~tactically~*~*~ (stealth).
  9597 | D:8      | 9597 ||| INVOKING Berserk.
  9603 | D:8      | Reached XP level 10. HP: 63/63 MP: 10/10
  9906 | D:8      | Found a burning altar of Makhleb.
  9908 | D:8      | Found a sacrificial altar of Ru.
 10012 | D:8      | 10012 ||| UPGRADING to +0 kite shield.
 10084 | D:9      | Found a transporter.
 10091 | D:9      | Noticed Joseph
 10105 | D:9      | Killed Joseph
 10106 | D:9      | Reached skill level 3 in Shields
 10195 | D:9      | Noticed qw's ghost (novice MiFi)
 10243 | D:9      | 10243 ||| Stepping ~*~*~tactically~*~*~ (hiding).
 10246 | D:9      | 10246 ||| INVOKING Berserk.
 10379 | D:9      | Found a transporter.
 10467 | D:9      | Noticed a two-headed ogre
 10470 | D:9      | 10470 ||| INVOKING Berserk.
 10481 | D:9      | Killed a two-headed ogre
 10606 | D:9      | 10606 ||| Stepping ~*~*~tactically~*~*~ (stealth).
 10607 | D:9      | 10607 ||| Stepping ~*~*~tactically~*~*~ (stealth).
 10614 | D:9      | 10614 ||| INVOKING Berserk.
 10624 | D:9      | Reached skill level 6 in Shields
 10831 | D:9      | 10831 ||| INVOKING Berserk.
 10892 | D:9      | 10892 ||| Stepping ~*~*~tactically~*~*~ (stealth).
 10895 | D:9      | 10895 ||| Stepping ~*~*~tactically~*~*~ (stealth).
 11543 | D:9      | 11543 ||| UPGRADING to +2 cloak.
 11553 | D:9      | 11553 ||| DROPPING +0 cloak.
 11554 | D:9      | 11554 ||| READING 2 scrolls of identify.
 11554 | D:9      | 11554 ||| IDENTIFYING smoky red potion
 11583 | D:10     | Entered Level 10 of the Dungeon
 11745 | D:10     | 11745 ||| Stepping ~*~*~tactically~*~*~ (hiding).
 11753 | D:10     | 11753 ||| DRINKING potion of curing.
 11753 | D:10     | 11753 ||| (to cure confusion)
 11779 | D:10     | 11779 ||| Stepping ~*~*~tactically~*~*~ (hiding).
 11789 | D:10     | 11789 ||| INVOKING Berserk.
 11973 | D:10     | 11973 ||| INVOKING Berserk.
 12217 | D:10     | 12217 ||| Stepping ~*~*~tactically~*~*~ (stealth).
 12435 | D:10     | Reached skill level 3 in Throwing
 12444 | D:10     | 12444 ||| INVOKING Berserk.
 12446 | D:10     | Reached skill level 9 in Shields
 12446 | D:10     | Reached XP level 11. HP: 44/67 MP: 4/11
 12919 | D:10     | 12919 ||| Stepping ~*~*~tactically~*~*~ (hiding).
 13030 | D:10     | 13030 ||| Stepping ~*~*~tactically~*~*~ (stealth).
 13037 | D:10     | 13037 ||| INVOKING Berserk.
 13432 | D:11     | Identified the +1 hand axe "Urghootul" {vamp, rC- Int+4
                  | Dex+2}
 13491 | D:11     | 13491 ||| Stepping ~*~*~tactically~*~*~ (stealth).
 13525 | D:11     | 13525 ||| Stepping ~*~*~tactically~*~*~ (stealth).
 13527 | D:11     | 13527 ||| Stepping ~*~*~tactically~*~*~ (stealth).
 13535 | D:11     | 13535 ||| Stepping ~*~*~tactically~*~*~ (stealth).
 13595 | D:11     | Found a staircase to the Lair.
 13597 | D:11     | 13597 ||| INVOKING Berserk.
 13619 | D:11     | 13619 ||| Stepping ~*~*~tactically~*~*~ (stealth).
 13775 | D:11     | 13775 ||| Stepping ~*~*~tactically~*~*~ (stealth).
 13782 | D:11     | 13782 ||| Stepping ~*~*~tactically~*~*~ (stealth).
 13784 | D:11     | 13784 ||| Stepping ~*~*~tactically~*~*~ (hiding).
 14003 | D:11     | Noticed Snorg
 14007 | D:11     | 14007 ||| INVOKING Berserk.
 14016 | D:11     | Killed Snorg
 14064 | D:11     | Found a staircase to the Orcish Mines.
 14080 | D:11     | 14080 ||| INVOKING Berserk.
 14366 | D:11     | 14366 ||| INVOKING Berserk.
 14375 | D:11     | Reached skill level 11 in Axes
 14861 | D:11     | Found a hide-covered altar of Uskayaw.
 14909 | D:11     | 14909 ||| INVOKING Berserk.
 15099 | D:11     | 15099 ||| PLANNING LAIR
 15125 | Lair:1   | Entered Level 1 of the Lair of Beasts
 15126 | Lair:1   | 15126 ||| PLANNING GAUNTLET
 15127 | Lair:1   | 15127 ||| INVOKING Berserk.
 15217 | Lair:1   | 15217 ||| READING 2 scrolls of teleportation.
 15328 | Lair:1   | 15328 ||| Stepping ~*~*~tactically~*~*~ (stealth).
 15341 | Lair:1   | 15341 ||| INVOKING Berserk.
 15349 | Lair:1   | Reached skill level 9 in Fighting
 15423 | Lair:1   | 15423 ||| INVOKING Berserk.
 15441 | Lair:1   | 15441 ||| Stepping ~*~*~tactically~*~*~ (stealth).
 15443 | Lair:1   | 15443 ||| Stepping ~*~*~tactically~*~*~ (stealth).
 15461 | Lair:1   | 15461 ||| Stepping ~*~*~tactically~*~*~ (stealth).
 15467 | Lair:1   | 15467 ||| Stepping ~*~*~tactically~*~*~ (stealth).
 15527 | Lair:1   | 15527 ||| Stepping ~*~*~tactically~*~*~ (stealth).
 15531 | Lair:1   | 15531 ||| Stepping ~*~*~tactically~*~*~ (stealth).
 15536 | Lair:1   | 15536 ||| RIP GAUNTLET
 15601 | Lair:1   | 15601 ||| PLANNING LAIR
 15922 | Lair:1   | 15922 ||| Stepping ~*~*~tactically~*~*~ (stealth).
 16033 | Lair:1   | Reached skill level 9 in Armour
 16051 | Lair:1   | Found an opulent altar of Gozag.
 16071 | Lair:1   | 16071 ||| INVOKING Berserk.
 16294 | Lair:2   | You fall into a shaft and drop 2 floors!
 16296 | Lair:4   | 16296 ||| INVOKING Berserk.
 16303 | Lair:4   | Reached XP level 12. HP: 76/76 MP: 10/12
 16413 | Lair:4   | Noticed a boulder beetle
 16414 | Lair:4   | 16414 ||| Stepping ~*~*~tactically~*~*~ (stealth).
 16463 | Lair:4   | 16463 ||| Stepping ~*~*~tactically~*~*~ (stealth).
 16467 | Lair:4   | 16467 ||| Stepping ~*~*~tactically~*~*~ (stealth).
 16487 | Lair:4   | 16487 ||| INVOKING Berserk.
 16508 | Lair:4   | 16508 ||| Stepping ~*~*~tactically~*~*~ (stealth).
 16521 | Lair:4   | HP: 17/76 [elephant (3)]
 16522 | Lair:4   | 16522 ||| READING scroll of teleportation.
 16522 | Lair:4   | HP: 7/76 [elephant (10)]
 16523 | Lair:4   | 16523 ||| DRINKING 6 potions of heal wounds.
 16744 | Lair:4   | 16744 ||| Stepping ~*~*~tactically~*~*~ (hiding).
 16906 | Lair:4   | 16906 ||| READING scroll of enchant armour.
 16906 | Lair:4   | 16906 ||| ENCHANTING +1 pair of gloves.
 16933 | Lair:4   | 16933 ||| READING scroll of enchant armour.
 16933 | Lair:4   | 16933 ||| ENCHANTING +0 helmet.
 16943 | Lair:4   | Noticed a five-headed hydra
 16944 | Lair:4   | 16944 ||| Stepping ~*~*~tactically~*~*~ (stealth).
 16946 | Lair:4   | 16946 ||| INVOKING Brothers in Arms.
 16947 | Lair:4   | 16947 ||| INVOKING Brothers in Arms.
 16948 | Lair:4   | 16948 ||| INVOKING Brothers in Arms.
 16949 | Lair:4   | 16949 ||| SWAPPING to +1 flail of protection.
 16950 | Lair:4   | 16950 ||| INVOKING Berserk.
 16953 | Lair:4   | Killed a five-headed hydra
 16954 | Lair:4   | Reached skill level 12 in Axes
 16965 | Lair:4   | 16965 ||| SWAPPING to +0 war axe.
 17245 | Lair:3   | 17245 ||| INVOKING Berserk.
 17494 | Lair:3   | Noticed a seven-headed hydra
 17495 | Lair:3   | 17495 ||| INVOKING Brothers in Arms.
 17496 | Lair:3   | 17496 ||| INVOKING Brothers in Arms.
 17497 | Lair:3   | 17497 ||| INVOKING Brothers in Arms.
 17499 | Lair:3   | 17499 ||| INVOKING Brothers in Arms.
 17500 | Lair:3   | 17500 ||| SWAPPING to +1 flail of protection.
 17501 | Lair:3   | 17501 ||| INVOKING Berserk.
 17503 | Lair:3   | Killed a seven-headed hydra
 17530 | Lair:3   | 17530 ||| SWAPPING to +0 war axe.
 17789 | Lair:3   | 17789 ||| Stepping ~*~*~tactically~*~*~ (stealth).
 17861 | Lair:3   | Noticed a death yak
 17861 | Lair:3   | Noticed a death yak
 17861 | Lair:3   | Noticed a death yak
 17862 | Lair:3   | 17862 ||| Stepping ~*~*~tactically~*~*~ (stealth).
 17862 | Lair:3   | Noticed a death yak
 17865 | Lair:3   | 17865 ||| INVOKING Berserk.
 17876 | Lair:3   | Killed a death yak
 17877 | Lair:3   | Killed a death yak
 17885 | Lair:3   | Killed a death yak
 17886 | Lair:3   | Reached XP level 13. HP: 65/82 MP: 10/13
 17893 | Lair:3   | Reached skill level 13 in Axes
 18077 | Lair:3   | 18077 ||| READING 9 scrolls of identify.
 18077 | Lair:3   | 18077 ||| IDENTIFYING bubbling orange potion
 18078 | Lair:3   | 18078 ||| DROPPING potion of brilliance.
 18182 | Lair:2   | 18182 ||| Stepping ~*~*~tactically~*~*~ (stealth).
 18205 | Lair:2   | 18205 ||| INVOKING Berserk.
 18224 | Lair:2   | HP: 16/82 [blink frog (7)]
 18225 | Lair:2   | 18225 ||| READING scroll of teleportation.
 18225 | Lair:2   | HP: 1/82 [blink frog (9)]
 18226 | Lair:2   | 18226 ||| DRINKING 5 potions of heal wounds.
 18232 | Lair:2   | HP: 17/82 [blink frog (9)]
 18233 | Lair:2   | 18233 ||| DRINKING 4 potions of heal wounds.
 18240 | Lair:2   | HP: 20/82 [blink frog (6)]
 18241 | Lair:2   | 18241 ||| DRINKING 3 potions of heal wounds.
 18385 | Lair:2   | Noticed Sonja
 18400 | Abyss:2  | Cast into level 2 of the Abyss (Sonja)
 18401 | Abyss:2  | 18401 ||| INVOKING Trog's Hand.
 18512 | Abyss:2  | Noticed a starflower
 18512 | Abyss:2  | Noticed a starflower
 18519 | Abyss:2  | 18519 ||| INVOKING Berserk.
 18519 | Abyss:2  | Noticed a starflower
 18519 | Abyss:2  | Noticed a starflower
 18523 | Abyss:2  | HP: 25/123 [starflower (8)]
 18526 | Abyss:2  | HP: 6/123 [starflower (7)]
 18526 | Abyss:2  | HP: 2/123 [starflower (4)]
 18526 | Abyss:2  | Mangled by a starflower

Levels and vault maps discovered:
D:1:      onia_arrival_mini_maze, layout_loops_ring, serial_shops, shop,
          shapermc_ecumenical_altar_gd
D:2:      layout_basic
D:3:      layout_loops_ring, portal_sewer_entry_d, chequers_jeans,
          grunt_ministairs_13
D:4:      cheibrodos_fertilizer, layout_loops_ring, kennysheep_mini_moat,
          gammafunk_ghost_icy
D:5:      layout_basic, minmay_temple_entry_glass, amcnicky_mini_pool_small
D:6:      layout_loops_ring
D:7:      layout_basic, dreamdust_gnoll_shepherd
D:8:      layout_cave_pods, minitemple, uniq_erica
D:9:      layout_stronghold, gammafunk_ghost_stat_death, columned_hall_lemuel,
          uniq_joseph
D:10:     statuecave_lemuel, layout_loops_corners, kennysheep_generic_room_5
D:11:     layout_stronghold, grunt_lair_entry_orc_guard_hut, orc_0_dummy,
          eat_drink_and_be_merry_uskayaw, uniq_snorg
Lair:1:   layout_loops_ring, basic_altar, gauntlet_entry_generic,
          evilmike_ambush [evilmike_ambush_outer_basic,
          evilmike_ambush_inner_wall_2]
Lair:2:   layout_chaotic_city, swamp_mist_pool,
          minmay_snake_entry_guardpost_large, evilmike_ambush
          [evilmike_ambush_outer_corners, evilmike_ambush_inner_basic],
          uniq_harold, uniq_gastronok, uniq_sonja
Lair:3:   layout_small_grid, hangedman_lair_generics_rect, lemuel_fruit_fields
Lair:4:   layout_roguey, st_stairs_4, lemuel_fruit_tree, grunt_megastairs_5
Abyss:2:  base: D:9, minivault_19, spicy_abyss_unhelpful_harpoons

Skill      XL: |  1  2  3  4  5  6  7  8  9 10 11 12 13 |
---------------+----------------------------------------+-----
Axes           | 3 4 5 6 7 8 10 11 12 13 | 13.4
Fighting       | 4 6 7 9 10 | 10.1
Armour         | 3 4 5 7 9 10 | 10.0
Throwing       | 1 2 3 4 |  4.2
Shields        | 9 10 11 | 11.0
Dodging        | 2 |  2.2

Action                   |  1- 3 |  4- 6 |  7- 9 | 10-12 | 13-15 || total
-------------------------+-------+-------+-------+-------+-------++-------
Melee: Hand axe          |   127 |   103 |    65 |       |       ||   295
       Punch             |     2 |       |     5 |       |       ||     7
       War axe           |       |       |   250 |   648 |   100 ||   998
       Flail             |       |       |       |     5 |       ||     5
Throw: Boomerang         |       |    22 |       |       |    12 ||    34
       Javelin           |       |       |    57 |    76 |     6 ||   139
Invok: Berserk           |     3 |     4 |    11 |    23 |     2 ||    43
       Brothers in Arms  |       |       |       |     2 |       ||     2
       Trog's Hand       |       |       |       |       |     1 ||     1
  Use: Scroll            |     8 |     4 |    10 |     5 |     2 ||    29
       Potion            |     3 |       |     1 |     2 |     3 ||     9
Armor: Animal skin       |    15 |       |       |       |       ||    15
       Ring mail         |    35 |    23 |       |       |       ||    58
       Plate armour      |       |    20 |   265 |   530 |    95 ||   910
Dodge: Dodged            |    66 |    46 |   116 |   191 |    33 ||   452
Block: Kite shield       |       |       |       |   346 |    78 ||   424

Table legend:
 A = Non-vault XP
 B = Vault XP
 C = Vault XP percentage of total XP
 D = Non-vault monster count
 E = Vault monster count
 F = Vault count percentage of total count
                 A         B        C        D         E       F
            +---------+---------+-------+---------+---------+-------
      Total |   30855 |    5424 |  15.0 |     282 |      45 |  13.8
            +---------+---------+-------+---------+---------+-------
        D:1 |      28 |       0 |   0.0 |      16 |       0 |   0.0
        D:2 |      45 |       0 |   0.0 |      16 |       0 |   0.0
        D:3 |     226 |      72 |  24.2 |      19 |       6 |  24.0
        D:4 |     376 |     115 |  23.4 |      24 |      15 |  38.5
        D:5 |     526 |       0 |   0.0 |      15 |       0 |   0.0
        D:6 |     889 |       0 |   0.0 |      27 |       0 |   0.0
        D:7 |     900 |     283 |  23.9 |      21 |       2 |   8.7
        D:8 |     463 |     842 |  64.5 |      25 |       1 |   3.8
        D:9 |    2455 |     439 |  15.2 |      19 |       1 |   5.0
       D:10 |    2497 |     245 |   8.9 |      23 |       2 |   8.0
       D:11 |    2394 |    1485 |  38.3 |      15 |       7 |  31.8
     Lair:1 |    3666 |     212 |   5.5 |      21 |       2 |   8.7
     Lair:2 |    2353 |       0 |   0.0 |       7 |       0 |   0.0
     Lair:3 |    9344 |     704 |   7.0 |      20 |       3 |  13.0
     Lair:4 |    4188 |    1027 |  19.7 |      13 |       6 |  31.6
    Abyss:2 |     505 |       0 |   0.0 |       1 |       0 |   0.0
            +---------+---------+-------+---------+---------+-------
